 Dungeon Crawl Stone Soup version 0.17-a0-913-g36eb389 (webtiles) character file.

32 RobertPalmer the Slasher (level 3, 0/27 HPs)
             Began as a Demonspawn Warper on May 3, 2015.
             Succumbed to Crazy Yiuf's poison
             ... on level 2 of the Dungeon.
             The game lasted 00:02:13 (1181 turns).

RobertPalmer the Slasher (Demonspawn Warper)        Turns: 1181, Time: 00:02:14

Health: 0/27       AC:  6    Str: 11    XL:     3   Next: 8%
Magic:  0/6        EV: 10    Int: 15    God:
Gold:   68         SH:  0    Dex: 12    Spells: 1 memorised, 5 levels left

rFire  . . .     SeeInvis .     a - +0 falchion
rCold  . . .     Clarity  .     h - +1 ring mail
rNeg   . . .     SustAb   .     (no shield)
rPois  .         Gourm    .     (no helmet)
rElec  .         Spirit   +     (no cloak)
rCorr  .         Warding  .     (no gloves)
rMut   .         Stasis   .     (no boots)
MR     .....                    (no amulet)
Stlth  +.........               (no ring)
                                (no ring)

@: lethally poisoned (0 -> -10), not resistant to hostile enchantments, very
unstealthy
A: claws 1, magic shield
a: no special abilities


You were on level 2 of the Dungeon.
You were not hungry.

You visited 1 branch of the dungeon, and saw 2 of its levels.

You collected 68 gold pieces.

Inventory:

Hand weapons
 a - a +0 falchion (weapon)
 o - a +2 short sword of electrocution
   (You took it off a kobold on level 2 of the Dungeon)
Missiles
 e - 5 tomahawks of dispersal {=f}
Armour
 h - a +1 ring mail (worn)
   (You found it on level 1 of the Dungeon)
Scrolls
 d - a scroll of blinking {!r}
 g - 3 scrolls of enchant armour
 n - a scroll of recharging {unknown}
 q - a scroll of identify {unknown}
 r - a scroll of remove curse {unknown}
Potions
 b - 4 potions of agility {unknown}
 i - a potion of curing {unknown}
 j - 2 potions of haste {unknown}
 k - a potion of mutation {unknown}
 l - 2 potions of cure mutation {unknown}
Books
 c - a book of Spatial Translocations
Comestibles
 f - 4 bread rations {@e1}
 m - 3 fruits
 p - a chunk of flesh {@w0}


   Skills:
 - Level 2.0 Fighting
 + Level 3.2 Long Blades
 - Level 0.8 Throwing
 - Level 0.8 Armour
 - Level 1.7 Dodging
 - Level 2.0 Spellcasting
 - Level 2.6 Translocations


You had 5 spell levels left.
You knew the following spells:

 Your Spells              Type           Power        Failure   Level  Hunger
g - Apportation           Tloc           #.........   21%         1    #......


Dungeon Overview and Level Annotations

Branches:
Dungeon (2/15)

Altars:

Annotations:
D:2 Crazy Yiuf


Innate Abilities, Weirdness & Mutations

You have sharp fingernails.
When hurt, damage is shared between your health and your magic reserves.


Message History

The kobold throws a stone.
The stone barely misses you. The kobold hits you but does no damage.
You hit the kobold.
You kill the kobold!
You see here a dagger.
You start resting.
You are feeling hungry.
You regained 6 hp, and now have 18/22 hp.
There is a stone staircase leading down here.
You regained 2 hp, and now have 20/22 hp.
You climb downwards.
Found a spear.
Found a stone staircase leading down.
There is a stone staircase leading up here.
f - 3 bread rations {@e1} (gained 1)
Found a stone staircase leading down.
You now have 68 gold pieces (gained 9).
Health restored: 22 A quokka and a goblin come into view.
The goblin shouts!
There are monsters nearby!
You barely miss the quokka. The quokka barely misses you.
The quokka bites you but does no damage.
You slash the quokka!
You kill the quokka!
No target in view!
No target in view!
You see here a quokka corpse.
You butcher the quokka corpse.
You see here 2 chunks of flesh {@w0}.
Eat one of 2 chunks of flesh {@w0}? (ye/n/q/i?)
You continue eating. x2
Unknown command.
The kobold shouts!
The goblin hits you but does no damage.
You slash the goblin!
You kill the goblin!
You have reached level 3!
Your experience leads to an increase in your attributes!
Increase (S)trength, (I)ntelligence, or (D)exterity?
You feel clever.
Your demonic ancestry asserts itself...
You feel your magical essence form a protective shroud around your flesh.
Health restored: 27; MP restored: 6 You see here a chunk of flesh {@w0}.
You hit the kobold.
You kill the kobold!
No target in view!
No target in view!
You see here a short sword of electrocution.
o - a short sword of electrocution
p - a chunk of flesh {@w0} You see here 25 bolts.
A bat comes into view.
You hit the bat. The bat hits you but does no damage.
The bat hits you but does no damage.
You closely miss the bat. The bat hits you but does no damage.
The bat hits you but does no damage.
Found a stone staircase leading up.
You hit the bat.
You kill the bat!
Found an escape hatch in the floor.
Found an escape hatch in the ceiling.
A kobold comes into view.
The kobold shouts!
A kobold is nearby!
A kobold is nearby!
A kobold is nearby!
You hit the kobold.
You kill the kobold!
No target in view!
No target in view!
There is a stone staircase leading up here.
Things that are here:
a club; a goblin corpse
f - 4 bread rations {@e1} (gained 1)
q - a scroll labeled YRHENU QIRA
r - a scroll labeled PUFO HAFISEMI You see here a hammer.
Crazy Yiuf the Enlightened comes into view.
He is wielding a quarterstaff of chaos.
Crazy Yiuf shouts!
Crazy Yiuf moves out of view.
Crazy Yiuf twirls on the spot.
Crazy Yiuf hits you with a quarterstaff of chaos.
You convulse.
You take 7 damage, and have 20/27 hp.
MASSIVE DAMAGE!!
You now have 4/6 mp.
You hit Crazy Yiuf but do no damage. You hit Crazy Yiuf.
Crazy Yiuf hits you but does no damage.
You are electrocuted!
Ouch! That really hurt!
* * * LOW HITPOINT WARNING * * *
You take 15 damage, and have 5/27 hp.
MASSIVE DAMAGE!!
You now have 2/6 mp.
You barely miss Crazy Yiuf.
Crazy Yiuf hits you with a quarterstaff of chaos.
* * * LOW HITPOINT WARNING * * *
You are lethally poisoned!
You take 4 damage, and have 1/27 hp.
You now have 0/6 mp.
You hit Crazy Yiuf but do no damage.
You die...

. #.#
....
#####
.....
#..)#
......
#...#
.#....
...
......
#g# #..
♣♣@♣
#..
♣.♣♣
#..
♣♣.♣ ..
#. ♣.♣♣
....##.
♣♣.♣♣
.......
♣...♣♣
.......
♣)).)♣
##...#.
##..##
###
##...#.
#....#
###..
.......


You could see Crazy Yiuf.

Vanquished Creatures
  A ball python (D:1)
  2 giant cockroaches (D:1)
  2 hobgoblins (D:1)
  6 jackals
  5 bats
  2 goblins
  7 kobolds
  A quokka (D:2)
  6 rats (D:1)
  2 plants (D:1)
34 creatures vanquished.

Notes
Turn   | Place    | Note
--------------------------------------------------------------
     0 | D:1      | RobertPalmer, the Demonspawn Warper, began the quest for the Orb.
     0 | D:1      | Reached XP level 1. HP: 16/16 MP: 3/3
    96 | D:1      | Reached skill level 2 in Long Blades
   232 | D:1      | Gained mutation: You have sharp fingernails. [demonic ancestry]
   232 | D:1      | Reached XP level 2. HP: 17/22 MP: 5/5
   683 | D:1      | Reached skill level 3 in Long Blades
  1022 | D:2      | Gained mutation: When hurt, damage is shared between your health and your magic reserves. [demonic ancestry]
  1022 | D:2      | Reached XP level 3. HP: 27/27 MP: 6/6
  1175 | D:2      | Noticed Crazy Yiuf
  1179 | D:2      | HP: 5/27 [Crazy Yiuf/quarterstaff of chaos (15)]
  1180 | D:2      | HP: 1/27 [Crazy Yiuf/quarterstaff of chaos (4)]
  1181 | D:2      | Succumbed to Crazy Yiuf's poison

Action                   || total
-------------------------++-------
Melee: Falchion          ||   166
  Use: Scroll            ||     1
  Eat: Chunk             ||     1

Vault maps used:
D:1:      roderic_crop_circles_arrival_small
D:2:      uniq_crazy_yiuf_cottage

Table legend:
 A = Turns spent in this place as a percentage of turns spent in the entire game.
 B = Non-inter-level travel turns spent in this place as a percentage of non-inter-level travel turns spent in the entire game.
 C = Inter-level travel turns spent in this place as a percentage of turns spent in this place.
 D = Turns resting spent in this place as a percentage of non-inter-level travel turns spent in this place.
 E = Turns spent auto-exploring this place as a percentage of non-inter-level travel turns spent in this place.
 F = Non-inter-level travel turns spent in this place divided by the number of levels of this place that you've seen.
                   A       B       C       D       E      F
               +-------+-------+-------+-------+-------+----------------------
         Total | 100.0 | 100.0 |   0.4 |   1.3 |   7.4 | 236.0
       Dungeon | 100.0 | 100.0 |   0.4 |   1.3 |   7.4 | 236.0
               +-------+-------+-------+-------+-------+----------------------

Table legend:
 A = Kills in this place as a percentage of kills in entire the game.
 B = Kills by you in this place as a percentage of kills by you in the entire game.
 C = Kills by friends in this place as a percentage of kills by friends in the entire game.
 D = Other kills in this place as a percentage of other kills in the entire game.
 E = Experience gained in this place as a percentage of experience gained in the entire game.
 F = Experience gained in this place divided by the number of levels of this place that you have seen.
                   A       B       C       D       E      F
               +-------+-------+-------+-------+-------+----------------------
         Total | 100.0 | 100.0 |  -nan |  -nan | 100.0 |  23.0
       Dungeon | 100.0 | 100.0 |  -nan |  -nan | 100.0 |  23.0
               +-------+-------+-------+-------+-------+----------------------
